 Dungeon Crawl Stone Soup version 0.29-a0-330-g52719c12eb (webtiles) character file.

Game seed: 10957560486484324541

60 kae the Insei (level 3, 0/28 HPs)
             Began as a Demigod Transmuter on Apr 21, 2022.
             Slain by a gnoll shaman
             ... wielding a +0 whip
              (6 damage)
             ... on level 4 of the Dungeon.
             The game lasted 00:01:35 (1891 turns).

kae the Insei (Demigod Transmuter)                  Turns: 1891, Time: 00:01:36

Health: 0/28       AC:  3    Str: 11    XL:     3   Next: 55%
Magic:  8/8        EV: 12    Int: 19    God:
Gold:   59         SH:  0    Dex: 14    Spells: 2/6 levels left

rFire   . . .      SeeInvis .   g - +3 short sword
rCold   . . .      Faith    .   (no shield)
rNeg    . . .      Spirit   .   a - +1 robe
rPois   .          Reflect  .   (no helmet)
rElec   .          Harm     .   (no cloak)
rCorr   .          Rampage  .   (no gloves)
Will    .....                   (no boots)
Stlth   +.........              i - amulet of regeneration
HPRegen 0.89/turn               (no ring)
MPRegen 0.11/turn               (no ring)

@: weak-willed
A: high MP 1, forlorn, divine attributes, MP-powered wands
a: no special abilities


You were on level 4 of the Dungeon.
You visited 1 branch of the dungeon, and saw 3 of its levels.

You collected 59 gold pieces.

Inventory:

Hand Weapons
 g - a +3 short sword (weapon)
Armour
 a - a +1 robe (worn)
Jewellery
 i - an amulet of regeneration (around neck)
Scrolls
 d - a scroll of noise
Potions
 b - 2 potions of lignification
 f - a potion of mutation


   Skills:
 + Level 1.5 Fighting
 - Level 1.7 Dodging
 + Level 3.0 Unarmed Combat
 + Level 2.1 Spellcasting
 * Level 2.6 Transmutations
 * Level 0.7 Poison Magic


You had 2 spell levels left.
You knew the following spells:

 Your Spells              Type           Power      Damage    Failure   Level
a - Beastly Appendage     Tmut           24%        N/A       6%          1
b - Spider Form           Tmut/Pois      8%         N/A       26%         3

Your spell library contained the following spells:

 Spells                   Type           Power      Damage    Failure   Level
 Wereblood                Tmut           12%        N/A       9%          2
 Foxfire                  Conj/Fire      8%         2x1d4     17%         1
 Conjure Flame            Conj/Fire      2%         6-21      45%         3
 Inner Flame              Hex/Fire       2%         N/A       45%         3
 Ice Form                 Ice/Tmut       7%         N/A       67%         4
 Flame Wave               Conj/Fire      2%         2d4       86%         4


Dungeon Overview and Level Annotations

Branches:
Dungeon (4/15)             Temple (0/1) D:4

Shops:
D:1 !


Innate Abilities, Weirdness & Mutations

You have an increased reservoir of magic. (+10% MP)
You shall have no god before yourself.
Your divine heritage dramatically boosts your attributes as you level up.
You expend magic power (3 MP) to strengthen your wands.


Message History

Your transformation is almost over.
Your horns disappear.
Your talons disappear.
Items here: )) ÷÷.
No target in view!
No target in view!
You see here 27 stones.
Key pressed, stopping explore.
No target in view!
No target in view!
Found a stone staircase leading up.
A sourceless malevolence fills the Dungeon...
You fall into a shaft and drop 2 floors!
The shaft crumbles and collapses.
A scorpion, a gnoll shaman, 5 gnolls and a hobgoblin come into view.
The gnoll shouts! x4; The hobgoblin shouts!
Found an escape hatch in the floor.
Found a staircase to the Ecumenical Temple.
There are monsters nearby!
As you read the scroll labelled POTEAX GEILOSK, it crumbles to dust.
Magic quickly surges around you.
It was a scroll of vulnerability.
As you read the scroll labelled WUZXEOT EMMIAR, it crumbles to dust.
You hear a loud clanging noise!
It was a scroll of noise.
You hear an angry hiss. x2; You hear a shout! x2
The gnoll shaman hits you with a +0 whip!
It was a potion of heal wounds.
You feel much better.
The gnoll hits you from afar with a +0 halberd!
The gnoll shaman hits you with a +0 whip.
It was a potion of mutation.
You feel extremely strange.
You feel your magical essence link to the dungeon's wands.
The gnoll hits you with a +0 flail!
The gnoll hits you from afar with a +0 spear.
The gnoll barely misses you.
The gnoll shaman hits you with a +0 whip!
* * * LOW HITPOINT WARNING * * *
It was a potion of curing.
You feel better. The gnoll hits you with a +0 flail.
* * * LOW HITPOINT WARNING * * *
The gnoll closely misses you. The gnoll barely misses you.
The gnoll shaman hits you with a +0 whip.
You die...

≈≈≈≈≈.>.≈≈≈≈≈≈.
≈≈≈≈≈...≈≈≈≈≈≈.
≈≈≈≈≈≈≈≈≈≈≈≈≈..
..≈≈≈≈≈≈≈≈≈....
....≈≈≈≈≈......
........gg.....
........gg....#
......s@ggg..#
...###########


You could see a gnoll shaman (weak-willed), a scorpion (weak-willed), 5 gnolls
and a hobgoblin (weak-willed).

Vanquished Creatures
  Robin (D:2)
  2 worms (D:2)
  2 ball pythons (D:1)
  4 bats
  3 endoplasms
  A giant cockroach (D:1)
  6 goblins
  10 hobgoblins
  4 kobolds
  A quokka (D:1)
  2 rats
36 creatures vanquished.

Notes
Turn   | Place    | Note
-------+----------+-------------------------------------------
     0 | D:1      | kae the Demigod Transmuter began the quest for the Orb.
     0 | D:1      | Reached XP level 1. HP: 15/15 MP: 5/5
    24 | D:1      | Reached skill level 1 in Fighting
   621 | D:1      | Reached XP level 2. HP: 19/23 MP: 5/7
  1057 | D:1      | Found Jargh's Distillery.
  1437 | D:2      | Noticed Robin
  1445 | D:2      | HP: 1/23 [goblin/+0 club[Robin] (6)]
  1576 | D:2      | Reached XP level 3. HP: 19/28 MP: 8/8
  1592 | D:2      | Reached skill level 3 in Unarmed Combat
  1596 | D:2      | Learned a level 3 spell: Spider Form
  1732 | D:2      | Killed Robin
  1886 | D:2      | You fall into a shaft and drop 2 floors!
  1886 | D:4      | Noticed a scorpion
  1886 | D:4      | Found a staircase to the Ecumenical Temple.
  1890 | D:4      | Gained mutation: You expend magic power (3 MP) to
                  | strengthen your wands. [potion of mutation]
  1891 | D:4      | Slain by a gnoll shaman

Illustrated notes

Levels and vault maps discovered:
D:1:      lightli_arrival_maybe_door_vault, layout_rooms,
          hellmonk_ecumenical_altar_run_dry, serial_shops, shop
D:2:      layout_basic, serial_shops, shop, uniq_robin, uniq_natasha
D:4:      layout_basic, mainiacjoe_overflow_six_doors_small, temple_pool_b,
          serial_rivers, chequers_serial_rivers_large_a,
          chequers_serial_rivers_marsh, chequers_serial_rivers_micro_d,
          chequers_serial_rivers_small_3, chequers_serial_rivers_small_a,
          chequers_serial_rivers_room_a, minmay_misc_feat_diagonals, st_stairs_4

Skill      XL: |  1  2  3 |
---------------+----------+-----
Fighting       | 1 |  1.5
Transmutations | 2 |  2.6
Spellcasting   | 2 |  2.1
Unarmed Combat | 3 |  3.0
Dodging        | |  1.7
Poison Magic   | |  0.7

Action                   || total
-------------------------++-------
Melee: Unarmed           ||    28
       Kick              ||     8
       Short sword       ||    68
       Headbutt          ||     4
       Punch             ||     2
 Cast: Beastly Appendage ||    21
       Spider Form       ||     1
  Use: Scroll            ||     5
       Potion            ||     4
 Stab: Sleeping          ||     1
Armor: Robe              ||    29
       Skin              ||     2
Dodge: Dodged            ||    74

Table legend: (Time is in decaauts)
 A = Elapsed time spent in this place.
 B = Non-inter-level travel time spent in this place.
 C = Inter-level travel time spent in this place.
 D = Time resting spent in this place.
 E = Time spent auto-exploring this place.
 F = Levels seen in this place.
 G = Mean time per level.
                   A        B        C        D        E       F      G
               +--------+--------+--------+--------+--------+-----+--------+
         Total |   1877 |   1811 |     66 |    231 |   1238 |   3 |  625.7 |
       Dungeon |   1877 |   1811 |     66 |    231 |   1238 |   3 |  625.7 |
               +--------+--------+--------+--------+--------+-----+--------+

Top non-repeatable levels by time:
     D:1: 1489 daAuts
     D:2: 383 daAuts
     D:4: 4 daAuts
